 Dungeon Crawl Stone Soup version 0.28-a0-750-g7c675f85b1 (webtiles) character file.

Game seed: 13244667864153255474

208 ytrimaz the Skirmisher (level 5, -4/43 HPs)
             Began as a Demonspawn Chaos Knight on Oct 30, 2021.
             Was a Plaything of Xom.
             Killed by nerve-wracking pain
             ... invoked by Grinder
              (14 damage)
             ... while paralysed by Grinder
             ... on level 4 of the Dungeon.
             The game lasted 00:04:04 (2407 turns).

ytrimaz the Skirmisher (Demonspawn Chaos Knight)    Turns: 2407, Time: 00:04:05

Health: -4/43      AC:  6    Str: 11    XL:     5   Next: 55%
Magic:  5/5        EV:  2    Int: 14    God:    Xom [*.....]
Gold:   134        SH:  0    Dex: 12    Spells: 4/4 levels left

rFire   . . .      SeeInvis +   a - +1 hand axe (chaos)
rCold   . . .      Faith    .   (no shield)
rNeg    . . .      Spirit   .   b - +2 leather armour
rPois   .          Reflect  .   (no helmet)
rElec   .          Harm     .   (no cloak)
rCorr   .          Rampage  .   (no gloves)
Will    .....                   g - +0 pair of boots
Stlth   +.........              (no amulet)
HPRegen 0.14/turn               (no ring)
MPRegen 0.09/turn               (no ring)

@: paralysed, unable to read
A: powered by pain 1, spiny 1, demonic touch 1, hooves 1, see invisible, weak 1,
inability to read while threatened
a: Renounce Religion


You were on level 4 of the Dungeon.
You worshipped Xom.
You were a special plaything of Xom.
You visited 1 branch of the dungeon, and saw 4 of its levels.

You collected 134 gold pieces.

Inventory:

Hand Weapons
 a - a +1 hand axe of chaos (weapon)
Armour
 b - a +2 leather armour (worn)
 g - a +0 pair of boots (worn)
Scrolls
 c - 2 scrolls of blinking {unknown}
 f - 2 scrolls of noise
Potions
 d - a potion of haste
 e - a potion of lignification {unknown}
 h - a potion of curing {unknown}


   Skills:
 + Level 4.6 Fighting
 - Level 2.6 Axes
 * Level 3.1 Armour
 * Level 2.9 Dodging


You had 4 spell levels left.
You didn't know any spells.
Your spell library contained the following spells:

 Spells                   Type           Power      Damage    Failure   Level
 Blade Hands              Tmut           0%         N/A       100%        5
 Irradiate                Conj/Tmut      0%         3d13      100%        5
 Dragon Form              Tmut           0%         N/A       100%        7


Dungeon Overview and Level Annotations

Branches:
Dungeon (4/15)
 Temple: D:4-7

Altars:

Shops:
D:2 ==(

Annotations:
D:4 Grinder


Innate Abilities, Weirdness & Mutations

You sometimes gain a little power by taking damage.
You are partially covered in sharp spines.
Your touch may inflict minor irresistible damage on your foes.
You have large cloven feet.
You have supernaturally acute eyesight. (SInv)
You are weak. (Str -2)
You sometimes lose the ability to read scrolls when taking damage.


Message History

Grinder shouts!
Grinder is nearby!
Grinder is nearby!
Grinder is nearby!
A dart slug comes into view.
Found 5 gold pieces.
Grinder drinks a potion.
Grinder seems to speed up.
You barely miss Grinder.
You touch Grinder.
Grinder is lightly wounded.
Grinder is struck by your spines. Grinder closely misses you.
You hit Grinder but do no damage.
Grinder is lightly wounded.
Grinder blinks!
Grinder gestures at you.
You barely resist. The dart slug launches a dart at you.
The slug dart hits you but does no damage.
Grinder blinks!
You hit the dart slug.
You touch the dart slug.
The dart slug is almost dead.
The dart slug bites you but does no damage.
You hit the dart slug. You freeze the dart slug.
You kill the dart slug!
Grinder gestures at you. Pain shoots through your body!
Found a scroll of identify.
Grinder is struck by your spines. Grinder hits you!
You feel threatened and lose the ability to read scrolls!
You closely miss Grinder.
Grinder is moderately wounded.
Grinder is struck by your spines. Grinder hits you!
You writhe in agony.
Grinder gestures at you.
You suddenly lose the ability to move!
Grinder hits you.
* * * LOW HITPOINT WARNING * * *
You writhe in agony.
* * * LOW HITPOINT WARNING * * *
Grinder gestures at you. Pain shoots through your body!
You die...
Xom laughs nastily!

..# ..## ... ####
..#.... ..##
..#..#
#.....####..$..#
...............###
..........#.#....#
.......##.@5......
......(#..#......?
.............##...
...........#......
.......<##.##....
................#
######.#....<...#
#. ........$ #.
.##...##


You could see Grinder (fast).

Vanquished Creatures
  A kobold brigand (D:3)
  Robin (D:2)
  5 adders (D:2)
  3 worms (D:2)
  4 dart slugs
  4 endoplasms
  3 giant cockroaches
  13 goblins
  5 hobgoblins (D:2)
  5 quokkas
  5 ball pythons
  6 bats
  3 frilled lizards (D:2)
  3 kobolds
  5 rats
66 creatures vanquished.

Notes
Turn   | Place    | Note
-------+----------+-------------------------------------------
     0 | D:1      | ytrimaz the Demonspawn Chaos Knight began the quest for the
                  | Orb.
     0 | D:1      | Reached XP level 1. HP: 18/18 MP: 1/1
    99 | D:1      | Reached skill level 1 in Dodging
   228 | D:1      | XOM: divination: detect creatures
   331 | D:1      | XOM: god gift: 66 gold pieces
   399 | D:1      | Discovered your monstrous ancestry.
   399 | D:1      | Gained mutation: Your touch may inflict minor irresistible
                  | damage on your foes. [demonic ancestry]
   399 | D:1      | Reached XP level 2. HP: 24/24 MP: 2/2
   559 | D:2      | XOM: noise
   586 | D:2      | Reached XP level 3. HP: 21/29 MP: 3/3
   818 | D:2      | Found Hocafiawa's Antique Weapon Shop.
   902 | D:2      | Found Ugyut's Jewellery Shop.
   964 | D:2      | Noticed Robin
   993 | D:2      | XOM: enchant monster (bad)
   995 | D:2      | Reached skill level 4 in Fighting
   996 | D:2      | Gained mutation: You are partially covered in sharp spines.
                  | [demonic ancestry]
   996 | D:2      | Reached XP level 4. HP: 13/37 MP: 4/4
   997 | D:2      | XOM: divination: magic mapping
   999 | D:2      | XOM: fog
  1013 | D:2      | Killed Robin
  1291 | D:2      | XOM: 3-stop teleportation journey
  1308 | D:2      | Found Vaggos's Jewellery Shoppe.
  1386 | D:2      | XOM: give mutations
  1386 | D:2      | Gained mutation: You are agile. (Dex +2) [Xom's mischief]
  1386 | D:2      | Gained mutation: You are weak. (Str -2) [Xom's mischief]
  1748 | D:3      | Lost mutation: You are agile. (Dex +2) [potion of mutation]
  1748 | D:3      | Lost mutation: You are weak. (Str -2) [potion of mutation]
  1748 | D:3      | Gained mutation: You are weak. (Str -2) [potion of
                  | mutation]
  1748 | D:3      | Gained mutation: You have large cloven feet. [potion of
                  | mutation]
  1849 | D:3      | XOM: stat loss: -1 Str (10/11)
  1860 | D:3      | Noticed a kobold brigand
  1869 | D:3      | Killed a kobold brigand
  1870 | D:3      | Gained mutation: You sometimes gain a little power by
                  | taking damage. [demonic ancestry]
  1870 | D:3      | Reached XP level 5. HP: 28/43 MP: 5/5
  2176 | D:3      | XOM: noise
  2218 | D:3      | XOM: give mutations
  2218 | D:3      | Gained mutation: You sometimes lose the ability to read
                  | scrolls when taking damage. [Xom's mischief]
  2218 | D:3      | Lost mutation: You sometimes lose the ability to read
                  | scrolls when taking damage. [Xom's mischief]
  2218 | D:3      | Gained mutation: You have supernaturally acute eyesight.
                  | (SInv) [Xom's mischief]
  2218 | D:3      | Gained mutation: You sometimes lose the ability to read
                  | scrolls when taking damage. [Xom's mischief]
  2396 | D:4      | Noticed Grinder
  2406 | D:4      | Paralysed by Grinder for 6 turns
  2407 | D:4      | Killed from afar by Grinder

Illustrated notes

Levels and vault maps discovered:
D:1:      dpeg_arrival_pits, layout_rooms, serial_bayou_pond_d
D:2:      layout_loops_ring, serial_shops, shop, nicolae_shop_trees,
          nicolae_shop_statue_plus, uniq_robin
D:3:      layout_loops_cross
D:4:      layout_rooms, serial_shops, nicolae_take_the_stairs,
          minmay_snake_closets, uniq_grinder, uniq_pikel

Skill      XL: |  1  2  3  4 |
---------------+-------------+-----
Dodging        | 1 2 |  2.9
Armour         | 2 3 |  3.1
Fighting       | 4 |  4.6
Axes           | |  2.6

Action                   |  1- 3 |  4- 6 || total
-------------------------+-------+-------++-------
Melee: Hand axe          |    82 |    53 ||   135
       Touch             |     7 |    15 ||    22
  Use: Scroll            |     3 |     2 ||     5
       Potion            |       |     2 ||     2
Armor: Leather armour    |    49 |    19 ||    68
Dodge: Dodged            |    53 |    16 ||    69

Table legend: (Time is in decaauts)
 A = Elapsed time spent in this place.
 B = Non-inter-level travel time spent in this place.
 C = Inter-level travel time spent in this place.
 D = Time resting spent in this place.
 E = Time spent auto-exploring this place.
 F = Levels seen in this place.
 G = Mean time per level.
                   A        B        C        D        E       F      G
               +--------+--------+--------+--------+--------+-----+--------+
         Total |   2429 |   2403 |     26 |    442 |   1504 |   4 |  607.2 |
       Dungeon |   2429 |   2403 |     26 |    442 |   1504 |   4 |  607.2 |
               +--------+--------+--------+--------+--------+-----+--------+

Top non-repeatable levels by time:
     D:2: 1097 daAuts
     D:3: 753 daAuts
     D:1: 565 daAuts
     D:4: 12 daAuts
